 Dungeon Crawl Stone Soup version 0.19-a0-1238-gee6bd96 (webtiles) character file.

102 George the Skirmisher (level 4, -1/37 HPs)
             Began as a Demonspawn Berserker on Aug 26, 2016.
             Was a Believer of Trog.
             Slain by a kobold (3 damage)
             ... on level 3 of the Dungeon.
             The game lasted 00:02:17 (1849 turns).

George the Skirmisher (Demonspawn Berserker)        Turns: 1849, Time: 00:02:18

Health: -1/37      AC:  3    Str: 18    XL:     4   Next: 49%
Magic:  4/4        EV: 13    Int:  8    God:    Trog [**....]
Gold:   98         SH:  0    Dex: 13    Spells: 0 memorised, 3 levels left

rFire  . . .     SeeInvis .     a - +0 hand axe
rCold  . . .     Gourm    .     b - +0 animal skin
rNeg   . . .     Faith    .     (no shield)
rPois  .         Spirit   .     (no helmet)
rElec  .         Dismiss  .     i - +0 cloak
rCorr  .         Reflect  .     (no gloves)
MR     .....     Harm     .     (no boots)
Stlth  +.........               (no amulet)
                                (no ring)
                                (no ring)

@: lethally poisoned (-1 -> -5), exhausted, slowed, very slow
A: demonic guardian 1, mutation resistance 1, powered by death 1
a: Berserk, Trog's Hand, Burn Spellbooks, Renounce Religion


You were on level 3 of the Dungeon.
You worshipped Trog.
Trog was pleased with you.
You were very hungry.

You visited 1 branch of the dungeon, and saw 3 of its levels.

You collected 98 gold pieces.

Inventory:

Hand Weapons
 a - a +0 hand axe (weapon)
Armour
 b - a +0 animal skin (worn)
 i - a +0 cloak (worn)
Scrolls
 d - a scroll of enchant weapon {unknown}
 e - 3 scrolls of recharging {unknown}
 f - 2 scrolls of remove curse {unknown}
 g - 3 scrolls of identify {unknown}
 j - a scroll of random uselessness {unknown}
 k - a scroll of fog {unknown}
 l - a scroll of teleportation {unknown}
Potions
 n - a potion of might {unknown}
 o - a potion of invisibility {unknown}
 q - a potion of mutation {unknown}
Comestibles
 c - a bread ration
 m - a meat ration
 p - 2 chunks of flesh


   Skills:
 + Level 3.9 Fighting
 + Level 3.2 Axes
 + Level 2.6 Armour
 + Level 2.4 Dodging


You had 3 spell levels left.
You didn't know any spells.

Dungeon Overview and Level Annotations

Branches:
Dungeon (3/15)

Altars:
Fedhas


Innate Abilities, Weirdness & Mutations

A weak demonic guardian rushes to your aid.
You regenerate a little health from kills.
You are somewhat resistant to further mutation.


Message History

You feel sick. The kobold hits you but does no damage.
The kobold completely misses you.
You closely miss the kobold.
* * * LOW HITPOINT WARNING * * *
You feel sick. The kobold hits you but does no damage.
You barely miss the kobold.
* * * LOW HITPOINT WARNING * * *
You feel sick. The kobold hits you.
* * * LOW HITPOINT WARNING * * *
The kobold hits you.
* * * LOW HITPOINT WARNING * * *
You hit the kobold but do no damage.
* * * LOW HITPOINT WARNING * * *
You feel sick. The kobold closely misses you. The kobold barely misses you.
It was a potion of beneficial mutation.
You feel genetically stable.
You feel fantastic!
* * * LOW HITPOINT WARNING * * *
You feel sick. The kobold hits you.
You die...

#... #..##.#
8.8...#..##.#
.8....#..##.# ###
.....#..##.# ..#
#...#?.##.# #.#
...#.K##.# #.#
#.#.@##.# #.#########
#....##.###.#........
#.?..##..##.#........
#.)..###.##.#........
#.#..#.._...#.<......
#.#(.#.#.#..#........
#.#.........#........
#.##>##.###########'#
#+ #+##.###########)#


You could see a kobold.

Vanquished Creatures
  An orc priest (D:3)
  A worker ant (D:3)
  4 dart slugs
  A giant gecko (D:2)
  2 orcs (D:3)
  A ball python (D:2)
  6 bats
  A giant cockroach (D:1)
  2 goblins
  6 hobgoblins
  A quokka (D:3)
  3 giant newts
  6 kobolds
  4 rats
39 creatures vanquished.

Notes
Turn   | Place    | Note
-------+----------+-------------------------------------------
     0 | D:1      | George the Demonspawn Berserker began the quest for the Orb.
     0 | D:1      | Reached XP level 1. HP: 18/18 MP: 1/1
   138 | D:1      | Gained mutation: You regenerate a little health from kills. [demonic ancestry]
   138 | D:1      | Reached XP level 2. HP: 23/24 MP: 2/2
  1079 | D:2      | Reached XP level 3. HP: 29/29 MP: 3/3
  1271 | D:2      | Reached ** piety under Trog
  1774 | D:3      | Gained mutation: A weak demonic guardian rushes to your aid. [demonic ancestry]
  1774 | D:3      | Reached XP level 4. HP: 37/37 MP: 4/4
  1808 | D:3      | Found a blossoming altar of Fedhas.
  1849 | D:3      | Gained mutation: You are somewhat resistant to further mutation. [potion of beneficial mutation]
  1849 | D:3      | Slain by a kobold

Vault maps used:
D:1:      sevenhm_arrival_forest_fort_large_4,
          hangedman_abyss_or_decor_lesser_grid
D:2:      grunt_ministairs_6
D:3:      lemuel_crystal_altar, ecumenical_altar_2, kennysheep_generic_room_2,
          uniq_robin

Skill      XL: |  1  2 |
---------------+-------+-----
Armour         | 2 |  2.6
Dodging        | 2 |  2.4
Axes           | 3 |  3.2
Fighting       | |  3.9

Action                   |  1- 3 |  4- 6 || total
-------------------------+-------+-------++-------
Melee: Hand axe          |   101 |    21 ||   122
Invok: Berserk           |     1 |     1 ||     2
  Use: Potion            |       |     1 ||     1
 Stab: Sleeping          |     2 |       ||     2
  Eat: Chunk             |     2 |     2 ||     4
Armor: Animal skin       |    22 |     4 ||    26
Dodge: Dodged            |    64 |    16 ||    80
